 Dungeon Crawl Stone Soup version 0.30-a0-457-g4b7bca3bfa (webtiles) character file.

Game seed: 633804378250589220

368 bande the Covered (level 6, -4/39 HPs)
             Began as a Gargoyle Fighter on Dec 13, 2022.
             Slain by Menkaure (15 damage)
             ... on level 4 of the Dungeon on Dec 14, 2022.
             The game lasted 00:03:46 (2928 turns).

bande the Covered (Gargoyle Fighter)                Turns: 2928, Time: 00:03:46

Health: -4/39      AC: 11    Str: 25    XL:     6   Next: 69%
Magic:  6/6        EV:  9    Int:  9    God:
Gold:   180        SH:  4    Dex: 11    Spells: 5/5 levels left

rFire   . . .      SeeInvis .    a - +0 war axe
rCold   . . .      Faith    .    c - +0 buckler
rNeg    + . .      Spirit   .    b - +0 scale mail
rPois   ∞          Reflect  .    (no helmet)
rElec   +          Harm     .    (no cloak)
rCorr   .          Rampage  .    (no gloves)
Will    .....                    (no boots)
Stlth   ..........               (no amulet)
HPRegen 0.26/turn                g - +6 ring of strength
MPRegen 0.10/turn                (no ring)

@: no status effects
A: sickness immunity, AC +4, negative energy resistance 1, electricity
resistance, torment resistance 1, petrification resistance
a: no special abilities


You were on level 4 of the Dungeon.
You visited 1 branch of the dungeon, and saw 4 of its levels.

You collected 180 gold pieces.

Inventory:

Hand Weapons
 a - a +0 war axe (weapon)
 q - a +0 war axe
Armour
 b - a +0 scale mail (worn)
 c - a +0 buckler (worn)
Jewellery
 g - a +6 ring of strength (left hand)
Scrolls
 h - a scroll of teleportation
 k - 2 scrolls of amnesia {unknown}
 m - 2 scrolls of vulnerability {unknown}
 n - a scroll of fog {unknown}
 o - a scroll of poison {unknown}
 r - 2 scrolls of identify {unknown}
Potions
 d - 2 potions of might
 e - a potion of mutation {unknown}
 f - a potion of lignification {unknown}
 j - a potion of flight {unknown}
 l - a potion of heal wounds {unknown}
 p - a potion of curing {unknown}
 s - a potion of magic {unknown}


   Skills:
 + Level 4.4 Fighting
 + Level 4.5 Axes
 + Level 5.0 Armour
 + Level 3.7 Shields


You had 5 spell levels left.
You didn't know any spells.
Your spell library contained the following spells:

 Spells                   Type           Power      Damage    Failure   Level
 Magic Dart               Conj           0%         1d3       77%         1
 Call Imp                 Summ           0%         N/A       88%         2
 Gell's Gravitas          Tloc           0%         N/A       98%         3
 Mephitic Cloud           Conj/Pois/Air  0%         N/A       98%         3
 Teleport Other           Tloc           0%         N/A       98%         3
 Dispersal                Tloc           0%         N/A       100%        6


Dungeon Overview and Level Annotations

Branches:
Dungeon (4/15)
 Temple: D:4-7

Altars:
Fedhas

Annotations:
D:4 Menkaure


Innate Abilities, Weirdness & Mutations

You are immune to sickness and miasma.
Your stone body is resilient. (AC +4)
You are immune to poison.
You resist negative energy. (rN+)
You are resistant to electric shocks. (rElec)
You are resistant to unholy torment.
You are immune to petrification.


Message History

You slash the gnoll!
You kill the gnoll!
You barely miss the gnoll. The gnoll barely misses you.
Menkaure gestures at you while chanting.
Pain shoots through your body! The gnoll barely misses you.
You completely miss the gnoll. The gnoll hits you with a +0 whip.
You closely miss the gnoll. You block the gnoll's attack.
You hit the gnoll.
The gnoll is moderately wounded.
The gnoll hits you with a +0 whip.
Menkaure points at you and mumbles some strange words.
Pain shoots through your body! The gnoll misses you.
You barely miss the gnoll.
The gnoll is moderately wounded.
The gnoll hits you but does no damage.
You closely miss the gnoll.
The gnoll is moderately wounded.
You block the gnoll's attack.
You slash the gnoll!
You kill the gnoll!
You hit Menkaure. Menkaure closely misses you.
You slash Menkaure!
Menkaure is severely damaged.
Menkaure gestures at you while chanting.
You barely resist. You barely miss Menkaure.
Menkaure is severely damaged.
Menkaure hits you!
* * * LOW HITPOINT WARNING * * *
You are too injured to fight recklessly!
You are too injured to fight recklessly!
You are too injured to fight recklessly!
You are too injured to fight recklessly!
You are too injured to fight recklessly!
You are too injured to fight recklessly!
You barely miss Menkaure.
Menkaure is severely damaged.
Menkaure blazes with dark energy!
Menkaure hits you!
You die...

######.#
................#
#
#........#.#######
#........#.###
...##.........#
... ####......# #.
#......# #......#
#.###......#
#..M@....###
#.....))#...#
####....#...#
######...# #...#
#####


You could see Menkaure.

Vanquished Creatures
  A hound (D:4)
  2 iguanas
  Jessica (D:3)
  3 orc wizards (D:3)
  7 gnolls
  5 adders
  2 worms
  A dart slug (D:4)
  9 orcs
  2 ball pythons
  2 endoplasms
  3 giant cockroaches
  2 goblins (D:2)
  2 hobgoblins (D:4)
  2 jackals (D:4)
  6 quokkas
  4 bats
  3 frilled lizards (D:2)
  6 kobolds
  3 rats
66 creatures vanquished.

Vanquished Creatures (collateral kills)
  An orc (D:4)
1 creature vanquished.

Vanquished Creatures (others)
  A plant (D:4)
1 creature vanquished.

Grand Total: 68 creatures vanquished

Notes
Turn   | Place    | Note
-------+----------+-------------------------------------------
     0 | D:1      | bande the Gargoyle Fighter began the quest for the Orb.
     0 | D:1      | Reached XP level 1. HP: 14/14 MP: 1/1
   376 | D:1      | Reached XP level 2. HP: 19/19 MP: 2/2
  1198 | D:2      | Reached XP level 3. HP: 24/24 MP: 3/3
  1402 | D:2      | Found a blossoming altar of Fedhas.
  1437 | D:2      | You fall into a shaft and drop 1 floor!
  1599 | D:2      | Reached skill level 4 in Armour
  1599 | D:2      | Reached XP level 4. HP: 29/29 MP: 4/4
  1877 | D:3      | Noticed Jessica
  1884 | D:3      | Reached XP level 5. HP: 21/33 MP: 5/5
  1888 | D:3      | Killed Jessica
  2085 | D:3      | Reached XP level 6. HP: 9/38 MP: 6/6
  2917 | D:4      | Noticed Menkaure
  2919 | D:4      | Reached skill level 5 in Armour
  2928 | D:4      | Slain by Menkaure

Illustrated notes

Levels and vault maps discovered:
D:1:      kennysheep_arrival_seaside, layout_basic
D:2:      layout_rooms, basic_altar
D:3:      layout_rooms, uniq_jessica
D:4:      layout_rooms, corexii_shack, abandoned_shop, kennysheep_path_1,
          nzn_random_ring, uniq_menkaure

Skill      XL: |  1  2  3  4  5  6 |
---------------+-------------------+-----
Axes           | 2 3 4 |  4.5
Armour         | 4 5 |  5.0
Fighting       | 4 |  4.4
Shields        | |  3.7

Action                   |  1- 3 |  4- 6 || total
-------------------------+-------+-------++-------
Melee: War axe           |    91 |   123 ||   214
  Use: Scroll            |       |     3 ||     3
Armor: Scale mail        |    70 |    67 ||   137
Dodge: Dodged            |    49 |    48 ||    97
Block: Buckler           |    19 |    26 ||    45

Table legend: (Time is in decaauts)
 A = Elapsed time spent in this place.
 B = Non-inter-level travel time spent in this place.
 C = Inter-level travel time spent in this place.
 D = Time resting spent in this place.
 E = Time spent auto-exploring this place.
 F = Levels seen in this place.
 G = Mean time per level.
                   A        B        C        D        E       F      G
               +--------+--------+--------+--------+--------+-----+--------+
         Total |   3013 |   2905 |    108 |    451 |   1876 |   4 |  753.2 |
       Dungeon |   3013 |   2905 |    108 |    451 |   1876 |   4 |  753.2 |
               +--------+--------+--------+--------+--------+-----+--------+

Top non-repeatable levels by time:
     D:1: 1179 daAuts
     D:3: 983 daAuts
     D:2: 585 daAuts
     D:4: 265 daAuts
